 Dungeon Crawl Stone Soup version 0.31-a0-836-g3ceb0a68c4 (webtiles) character file.

Game seed: 18020301582166339983

998 D12ThenQuit the Cleaver (level 8, -9/71 HPs)
             Began as a Hill Orc Warper on Sept 26, 2023.
             Was a Believer of Okawaru.
             Mangled by Menkaure (17 damage)
             ... on level 4 of the Dungeon.
             The game lasted 00:27:20 (7810 turns).

D12ThenQuit the Cleaver (Hill Orc Warper)           Turns: 7810, Time: 00:27:21

Health: -9/71      AC:  3    Str: 16    XL:     8   Next: 19%
Magic:  9/10       EV: 11    Int: 13    God:    Okawaru [**....]
Gold:   207        SH:  0    Dex: 10    Spells: 8/10 levels left

rFire   . . .        a - +0 hand axe
rCold   . . .        (no shield)
rNeg    . . .        b - +0 leather armour
rPois   .            (no helmet)
rElec   .            (no cloak)
rCorr   .            (no gloves)
SInv    .            (no boots)
Will    .....        m - amulet of the acrobat
Stlth   +            p - ring of flight
HPRegen 0.31/turn    (no ring)
MPRegen 0.12/turn

%: acrobat
@: flying
A: no striking features
a: Renounce Religion, Heroism


You were on level 4 of the Dungeon.
You worshipped Okawaru.
Okawaru was pleased with you.
You visited 2 branches of the dungeon, and saw 6 of its levels.
You also visited: Sewer and Ossuary.

You collected 207 gold pieces.

Inventory:

Hand Weapons
 a - a +0 hand axe (weapon)
 o - a +0 sling
 C - a +0 dagger of holy wrath
Missiles
 e - 3 boomerangs
 j - 4 poisoned darts (quivered)
 x - a throwing net
Armour
 b - a +0 leather armour (worn)
 h - a +0 hat
Jewellery
 g - an amulet of guardian spirit
 m - an amulet of the acrobat (around neck)
 p - a ring of flight (left hand)
 B - an amulet of magic regeneration
Talismans
 f - a flux talisman
Scrolls
 c - a scroll of blinking
 i - a scroll of poison
 k - a scroll of enchant armour
 l - a scroll of torment
 q - a scroll of amnesia
 r - 2 scrolls of immolation {unknown}
 s - a scroll of noise {unknown}
 t - 3 scrolls of teleportation
 v - a scroll of fear {unknown}
 y - a scroll of revelation {unknown}
Potions
 n - a potion of enlightenment
 u - a potion of resistance
 w - a potion of heal wounds {unknown}
 z - a potion of brilliance {unknown}
 A - a potion of might {unknown}


   Skills:
 - Level 6.7 Fighting
 - Level 10.2 Axes
 - Level 0.8 Throwing
 - Level 1.1 Armour
 - Level 1.5 Dodging
 - Level 1.5 Spellcasting
 - Level 2.4 Translocations
 + Level 0.0 Invocations


You had 8 spell levels left.
You knew the following spells:

 Your Spells              Type           Power      Damage    Failure   Level
a - Blink                 Tloc           14%        N/A       19%         2

Your spell library contained the following spells:

 Spells                   Type           Power      Damage    Failure   Level
 Lesser Beckoning         Tloc           14%        N/A       19%         2
 Gell's Gravitas          Tloc           7%         N/A       36%         3
 Teleport Other           Tloc           7%         N/A       36%         3
 Manifold Assault         Tloc           7%         N/A       77%         4
 Vhi's Electric Charge    Tloc/Air       8%         N/A       89%         4
 Dispersal                Tloc           3%         N/A       100%        6


Dungeon Overview and Level Annotations

Branches:
Dungeon (5/15)             Temple (1/1) D:4           Sewer (visited)
Ossuary (visited)

Altars:
Ashenzari
Cheibriados
Dithmenos
Elyvilon
Fedhas
Gozag
Hepliaklqana
Kikubaaqudgha
Makhleb
Nemelex Xobeh
Okawaru
Qazlal
Ru
Sif Muna
Trog
Uskayaw
Vehumet
Xom
Yredelemnul
Zin

Shops:
D:2 [

Annotations:
D:3 1 runed translucent door, Crazy Yiuf; Sigmund
D:4 2 runed translucent doors, Kurtz's ghost, amateur OpFi; Menkaure


Message History

Menkaure is lightly damaged.
You barely miss Menkaure.
Menkaure is lightly damaged.
Menkaure points at you and mumbles some strange words.
Pain shoots through your body!
You hit Menkaure but do no damage.
Menkaure is lightly damaged.
Menkaure calls on the powers of darkness!
Your body is wracked with pain!
You are too injured to fight recklessly!
You hit Menkaure.
Menkaure is moderately damaged.
Menkaure points at you and mumbles some strange words.
You struggle to resist.
You barely miss Menkaure.
Menkaure is moderately damaged.
You hit Menkaure but do no damage. You punch Menkaure.
Menkaure is heavily damaged.
You feel like a meek peon again. Menkaure hits you.
You hit Menkaure.
Menkaure is heavily damaged.
Menkaure hits you.
You hit Menkaure.
Menkaure is severely damaged.
Menkaure barely misses you.
You hit Menkaure but do no damage.
Menkaure is severely damaged.
Kurtz's ghost lets out a mournful wail.
Menkaure hits you!!
* * * LOW HITPOINT WARNING * * *
You hit Menkaure but do no damage.
Menkaure is severely damaged.
Menkaure whispers, "Let me perform the rites..."
Menkaure misses you.
Okay, then.
You hit Menkaure but do no damage.
Menkaure is severely damaged.
Menkaure hits you!
You die...

.....##.#.......#....#
#.........
......#........##....#
##..#####.
...##.#.###...###....# #..# ##
..###...##...........# #..#
.......>#...#####....# #..#
.......#....#####....# #..#
#####..M.......##....####..#
####.....#.###.M......<##..#
......#..#.# ###@.####..#..#####
...........# #...# #.......(.#
......##..## ##.#.###.........#
......##...####.....##.........#
.........#...##.##+###.........#
......#####.....#rFW#..........#
..............###r~~######.#####
......##......# #~~~# #.#
......#..####.###~~~#### #.#


You could see Menkaure (fast), a bullfrog, Kurtz's ghost, a river rat and a
quokka.

Vanquished Creatures
  Pikel (D:4)
  2 phantoms
  2 lemures (D:4)
  A kobold brigand (Sewer)
  A hound (D:4)
  A jelly (D:3)
  2 iguanas (D:4)
  A mummy (D:4)
  4 gnolls (D:3)
  5 adders
  6 river rats
  3 worms
  3 dart slugs
  11 ball pythons
  An endoplasm (D:1)
  A giant cockroach (D:3)
  5 goblins
  9 hobgoblins
  5 jackals
  7 kobolds
  4 quokkas
  5 bats
  5 frilled lizards
  2 hobgoblin zombies (D:4)
  7 rats
  A spectral goblin (D:2)
95 creatures vanquished.

Notes
Turn   | Place    | Note
-------+----------+-------------------------------------------
     0 | D:1      | D12ThenQuit the Hill Orc Warper began the quest for the
                  | Orb.
     0 | D:1      | Reached XP level 1. HP: 18/18 MP: 3/3
    85 | D:1      | Reached skill level 3 in Axes
   177 | D:1      | Reached XP level 2. HP: 21/25 MP: 4/4
   341 | D:1      | Reached skill level 4 in Axes
   726 | D:1      | Reached XP level 3. HP: 27/30 MP: 5/5
  1077 | D:2      | Found a faded altar of an unknown god.
  1100 | D:2      | Reached skill level 5 in Axes
  1156 | D:2      | Found Yrekaj's Armour Shop.
  1204 | D:2      | Learned a level 2 spell: Blink
  1795 | D:3      | Noticed Sigmund
  2007 | D:3      | Reached XP level 4. HP: 27/37 MP: 6/6
  2164 | D:3      | Found a runed translucent door.
  2165 | D:3      | Noticed Crazy Yiuf
  2300 | D:3      | Noticed a phantom
  2654 | D:4      | Noticed a bullfrog
  2654 | D:4      | Found a runed translucent door.
  2657 | D:4      | Noticed Kurtz's ghost (amateur OpFi)
  2876 | D:4      | Found a sand-covered staircase.
  2953 | D:4      | Reached skill level 6 in Axes
  2981 | Ossuary  | Entered an ossuary
  3077 | D:4      | Noticed a phantom
  3099 | D:4      | Found a staircase to the Ecumenical Temple.
  3145 | D:4      | Found a glowing drain.
  3154 | Sewer    | Entered a sewer
  3335 | Sewer    | Reached XP level 5. HP: 42/42 MP: 7/7
  3489 | Sewer    | Noticed a kobold brigand
  3507 | Sewer    | Killed a kobold brigand
  3508 | Sewer    | Reached skill level 7 in Axes
  3737 | Sewer    | Reached skill level 8 in Axes
  3737 | Sewer    | Reached XP level 6. HP: 42/50 MP: 8/8
  4092 | Temple   | Entered the Ecumenical Temple
  4108 | Temple   | Became a worshipper of Warmaster Okawaru
  4624 | D:3      | Reached skill level 9 in Axes
  4907 | D:4      | Reached XP level 7. HP: 23/56 MP: 9/9
  5498 | D:4      | Found a runed translucent door.
  5746 | D:4      | Reached skill level 10 in Axes
  5967 | D:5      | Entered Level 5 of the Dungeon
  5967 | D:5      | Noticed Menkaure
  5968 | D:5      | Noticed Pikel
  5993 | D:5      | Found a bloodstained altar of Trog.
  5994 | D:5      | Found a stormy altar of Qazlal.
  7027 | D:4      | Killed Pikel
  7027 | D:4      | Reached * piety under Okawaru
  7027 | D:4      | Reached ** piety under Okawaru
  7028 | D:4      | Reached XP level 8. HP: 24/71 MP: 5/10
  7810 | D:4      | Mangled by Menkaure

Illustrated notes

Levels and vault maps discovered:
D:1:      beargit_arrival_diablo_church, layout_loops_ring, serial_glass,
          glass_columns_c, glass_columns_c
D:2:      layout_loops_ring, dreamdust_ecumenical_altar_drowned_temple,
          serial_forest, infiniplex_forest_lined_2,
          infiniplex_forest_clump_long, infiniplex_forest_clump_small,
          infiniplex_forest_straight_1, infiniplex_forest_zigzag_1,
          infiniplex_forest_clump_diagonal, infiniplex_forest_lined_4_way,
          serial_shops, shop
D:3:      kennysheep_big_flooded_room, layout_loops_corners,
          uniq_crazy_yiuf_cottage, uniq_sigmund
D:4:      layout_rooms, minmay_temple_entry_waves, ebering_ghost_sewer_f,
          nicolae_ossuary_entry_giza, portal_sewer_entry_a
D:5:      layout_rooms, grunt_temple_overflow_open, serial_shops,
          nicolae_shop_tiny_real_fake_doors, uniq_pikel, uniq_menkaure
Temple:   regret_index_temple_chain_breaker

Skill      XL: |  1  2  3  4  5  6  7 |
---------------+----------------------+-----
Axes           | 3 4 5 6 8 9 10 | 10.2
Fighting       | 6 |  6.7
Throwing       | |  0.8
Armour         | |  1.1
Dodging        | |  1.5
Spellcasting   | |  1.5
Translocations | |  2.4

Action                     |  1- 3 |  4- 6 |  7- 9 || total
---------------------------+-------+-------+-------++-------
  Melee: Hand axe          |   178 |   246 |   148 ||   572
         Punch             |     1 |       |     3 ||     4
  Throw: Dart              |       |     6 |    16 ||    22
   Cast: Blink             |       |     8 |    14 ||    22
 Invoke: Heroism           |       |       |     2 ||     2
    Use: Potion            |       |     6 |       ||     6
         Scroll            |       |     4 |     1 ||     5
 Armour: Leather armour    |   111 |   139 |    78 ||   328
  Dodge: Dodged            |   122 |   203 |    65 ||   390

Table legend: (Time is in decaauts)
 A = Elapsed time spent in this place.
 B = Non-inter-level travel time spent in this place.
 C = Inter-level travel time spent in this place.
 D = Time resting spent in this place.
 E = Time spent auto-exploring this place.
 F = Levels seen in this place.
 G = Mean time per level.
                   A        B        C        D        E       F      G
               +--------+--------+--------+--------+--------+-----+--------+
         Total |   7798 |   7205 |    593 |   2294 |   1761 |   8 |  974.8 |
       Dungeon |   6860 |   6267 |    593 |   1986 |   1533 |   5 | 1372.0 |
        Temple |     36 |     36 |      0 |      0 |      0 |   1 |   36.0 |
         Sewer |    895 |    895 |      0 |    308 |    228 |   1 |  895.0 |
       Ossuary |      5 |      5 |      0 |      0 |      0 |   1 |    5.0 |
               +--------+--------+--------+--------+--------+-----+--------+

Top non-repeatable levels by time:
     D:3: 2626 daAuts
     D:4: 2118 daAuts
     D:2: 1181 daAuts
     D:1: 899 daAuts
   Sewer: 895 daAuts
  Temple: 36 daAuts
     D:5: 34 daAuts
 Ossuary: 5 daAuts
